 Dungeon Crawl Stone Soup version 0.27.1-33-g824d729ab1 (webtiles) character file.

Game seed: 13887346539649177452

42 potato4science the Sneak (level 3, -3/23 HPs)
             Began as an Octopode Hedge Wizard on Dec 15, 2021.
             Slain by a gnoll (6 damage)
             ... on level 2 of the Dungeon.
             The game lasted 00:07:19 (2192 turns).

potato4science the Sneak (Octopode Hedge Wizard)    Turns: 2192, Time: 00:07:21

Health: -3/23      AC:  1    Str:  9    XL:     3   Next: 54%
Magic:  7/7        EV: 13    Int: 17    God:
Gold:   43         SH:  0    Dex: 11    Spells: 7/8 levels left

rFire    . . .     SeeInvis .   a - +0 dagger
rCold    . . .     Faith    .   (no shield)
rNeg     . . .     Spirit   .   b - +0 hat
rPois    .         Reflect  .   (no amulet)
rElec    .         Harm     .   (no ring)
rCorr    .         Rampage  .   (no ring)
Will     .....                  (no ring)
Stlth    +++.......             (no ring)
HPRegen  0.07/turn              (no ring)
MPRegen  0.10/turn              (no ring)
                                (no ring)
                                (no ring)

@: no status effects
A: almost no armour, amphibious, 8 rings, camouflage 1, gelatinous body 1,
(nimble swimmer 1), tentacles
a: no special abilities


You were on level 2 of the Dungeon.
You visited 1 branch of the dungeon, and saw 2 of its levels.

You collected 43 gold pieces.

Inventory:

Hand Weapons
 a - a +0 dagger (weapon)
Armour
 b - a +0 hat (worn)
Scrolls
 e - 3 scrolls of identify {unknown}
 g - a scroll of vulnerability {unknown}
Potions
 c - a potion of haste
 d - a potion of ambrosia {unknown}
 f - a potion of brilliance {unknown}
 h - a potion of curing {unknown}


   Skills:
 + Level 1.2 Fighting
 + Level 1.2 Short Blades
 - Level 2.0 Dodging
 * Level 4.3 Stealth
 - Level 3.0 Spellcasting
 - Level 1.0 Conjurations
 - Level 1.0 Summonings
 - Level 1.0 Translocations


You had 7 spell levels left.
You knew the following spells:

 Your Spells              Type           Power      Damage    Failure   Level
a - Magic Dart            Conj           20%        1d4       12%         1

Your spell library contained the following spells:

 Spells                   Type           Power      Damage    Failure   Level
 Blink                    Tloc           N/A        N/A       17%         2
 Call Imp                 Summ           5%         N/A       17%         2
 Slow                     Hex            2%         N/A       26%         2
 Conjure Flame            Conj/Fire      4%         6-21      38%         3
 Mephitic Cloud           Conj/Pois/Air  3%         N/A       41%         3


Dungeon Overview and Level Annotations

Branches:
Dungeon (2/15)

Altars:


Innate Abilities, Weirdness & Mutations

You cannot wear most types of armour.
You are amphibious.
You can wear up to eight rings at the same time.
Your skin changes colour to match your surroundings (Stealth+).
Your rubbery body absorbs attacks. (AC +1, EV +1)
((You are camouflaged near water. (Stealth+)))
You have tentacles for arms and can constrict up to eight enemies at once.


Message History

Things that are here:
a +0 long sword; 2 stones; a kobold corpse You see here a hobgoblin skeleton.
You start resting.
A quokka comes into view.
You start resting.
HP restored.
You see here a hobgoblin skeleton.
You see here a hobgoblin skeleton.
A dart slug comes into view.
The gnoll shouts!
You hear a shout!
The gnoll drinks a potion.
The gnoll seems to speed up.
There is a stone staircase leading down here.
You start waiting.
A gnoll is nearby!
You hit the gnoll but do no damage. Your grab misses the gnoll.
The gnoll misses you.
You hit the gnoll. You grab the gnoll.
The gnoll is lightly wounded.
You constrict the gnoll, but do no damage.
The gnoll hits you with a +0 club.
You hit the gnoll but do no damage.
The gnoll is lightly wounded.
You constrict the gnoll, but do no damage.
The gnoll misses you. The gnoll closely misses you.
You hit the gnoll but do no damage.
The gnoll is lightly wounded.
You constrict the gnoll, but do no damage.
The gnoll hits you with a +0 club.
You hit the gnoll but do no damage. You squeeze the gnoll.
The gnoll is moderately wounded.
You constrict the gnoll, but do no damage.
The gnoll hits you with a +0 club.
You hit the gnoll but do no damage.
The gnoll is moderately wounded.
You constrict the gnoll, but do no damage.
The gnoll hits you with a +0 club!
* * * LOW HITPOINT WARNING * * *
The gnoll hits you with a +0 club.
You die...

## ##.##### ###.###
.####......## #.....#
.......#....#######.....##.#
.####.#...........g.)......#
######.#....#######.....##..
.........#.########.....#
##########..g.>..####.###
#######g# .# #@# .# #.# .g
#.# #. #.# # #.#####.###
#.<.......# #######.#.# #


You could see a gnoll (fast).

Vanquished Creatures
  6 ball pythons (D:1)
  3 bats (D:1)
  3 endoplasms
  A giant cockroach (D:1)
  3 goblins (D:1)
  6 hobgoblins
  2 quokkas (D:1)
  5 frilled lizards
  5 kobolds
  4 rats
38 creatures vanquished.

Notes
Turn   | Place    | Note
-------+----------+-------------------------------------------
     0 | D:1      | potato4science the Octopode Hedge Wizard began the quest
                  | for the Orb.
     0 | D:1      | Reached XP level 1. HP: 11/11 MP: 4/4
   189 | D:1      | Reached skill level 3 in Stealth
   386 | D:1      | Reached XP level 2. HP: 14/18 MP: 6/6
   855 | D:1      | Reached skill level 1 in Short Blades
   873 | D:1      | Found a faded altar of an unknown god.
   881 | D:1      | Reached skill level 1 in Fighting
   881 | D:1      | Reached XP level 3. HP: 19/23 MP: 7/7
   897 | D:1      | Reached skill level 4 in Stealth
  1433 | D:1      | Found a faded altar of an unknown god.
  2192 | D:2      | Slain by a gnoll

Illustrated notes

Levels and vault maps discovered:
D:1:      psy_arrival_statuary, layout_rooms,
          dreamdust_ecumenical_altar_statues, minmay_ruptured
D:2:      layout_loops_ring, uniq_jessica

Skill      XL: |  1  2  3 |
---------------+----------+-----
Stealth        | 3 4 |  4.3
Short Blades   | 1 |  1.2
Fighting       | 1 |  1.2
Dodging        | |  2.0
Spellcasting   | |  3.0
Conjurations   | |  1.0
Summonings     | |  1.0
Translocations | |  1.0

Action                   || total
-------------------------++-------
Melee: Dagger            ||   105
       Constrict         ||    26
       Tentacles         ||    17
 Stab: Sleeping          ||     7
Armor: Skin              ||    14
Dodge: Dodged            ||    71
